 Dungeon Crawl Stone Soup version 0.26-a0-663-g36e8fdb655 (webtiles) character file.

Game seed: 13169561757380623514

1995 grandjackal the Conjurer (level 9, -3/69 HPs)
             Began as a Demonspawn Hedge Wizard on Oct 11, 2020.
             Was a Follower of Qazlal.
             Slain by an orc warrior
             ... wielding a +1 vorpal hand axe
              (15 damage)
             ... on level 7 of the Dungeon.
             The game lasted 00:13:01 (7688 turns).

grandjackal the Conjurer (Demonspawn Hedge Wizard)  Turns: 7688, Time: 00:13:01

Health: -3/69      AC:  3    Str: 12    XL:     9   Next: 1%
Magic:  11/17      EV: 17    Int: 18    God:    Qazlal [*.....]
Gold:   282        SH:  2    Dex: 12    Spells: 9/18 levels left

rFire    . . .     SeeInvis .   f - +2 short sword (speed)
rCold    . . .     Faith    .   (no shield)
rNeg     + . .     Spirit   .   b - +0 robe
rPois    .         Reflect  .   p - +0 helmet
rElec    .         Harm     .   (no cloak)
rCorr    .         Rampage  .   (no gloves)
MR       .....                  (boots unavailable)
Stlth    +.........             k - amulet of magic regeneration
HPRegen  0.21/turn              v - +4 ring of slaying
MPRegen  0.40/turn              D - ring of positive energy

@: agile, lethally poisoned (-3 -> -5), very slightly contaminated
A: hooves 3, powered by pain 1, spiny 1
a: Renounce Religion


You were on level 7 of the Dungeon.
You worshipped Qazlal.
Qazlal was aware of your devotion.
You visited 2 branches of the dungeon, and saw 8 of its levels.
You also visited: Sewer.

You collected 282 gold pieces.

Inventory:

Hand Weapons
 f - a +2 short sword of speed (weapon)
 m - a +0 dagger of draining
 F - a +2 dagger of electrocution
Armour
 b - a +0 robe (worn)
 e - a +0 ring mail
 p - a +0 helmet (worn)
Jewellery
 k - an amulet of magic regeneration (around neck)
 v - a +4 ring of slaying (left hand)
 D - a ring of positive energy (right hand)
Wands
 l - a wand of iceblast (7)
 x - a wand of polymorph (11)
 E - a wand of random effects (30)
 G - a wand of paralysis (6)
Scrolls
 a - 2 scrolls of enchant weapon {unknown}
 d - a scroll of blinking {unknown}
 g - 3 scrolls of enchant armour {unknown}
 i - 2 scrolls of teleportation {unknown}
 o - a scroll of magic mapping {unknown}
 u - a scroll of remove curse
 w - a scroll of immolation
 y - a scroll of amnesia
 B - a scroll of fog
Potions
 c - a potion of invisibility
 h - a potion of mutation
 n - a potion of resistance
 q - 3 potions of might
 r - 2 potions of heal wounds
 s - 4 potions of flight {cure or flight, unknown}
 t - 3 potions of curing {cure or flight, unknown}
 z - a potion of stabbing
 A - a potion of haste


   Skills:
 + Level 5.9 Fighting
 - Level 1.7 Dodging
 - Level 1.7 Stealth
 - Level 5.4 Spellcasting
 + Level 6.0 Conjurations
   Level 1.0 Summonings
 - Level 3.0 Translocations
 + Level 3.5 Air Magic
 + Level 4.2 Invocations


You had 9 spell levels left.
You knew the following spells:

 Your Spells              Type           Power        Failure   Level
a - Magic Dart            Conj           ####         1%          1
b - Conjure Flame         Conj/Fire      ###.....     11%         3
c - Mephitic Cloud        Conj/Pois/Air  ###.....     11%         3
d - Blink                 Tloc           N/A          5%          2

Your spell library contained the following spells:

 Spells                   Type           Power        Failure   Level
 Call Imp                 Summ           #.......     13%         2
 Slow                     Hex            #.......     19%         2


Dungeon Overview and Level Annotations

Branches:
Dungeon (7/15)             Temple (1/1) D:4           Sewer (visited)

Altars:
Ashenzari
Cheibriados
Dithmenos
Elyvilon
Fedhas
Gozag
Hepliaklqana
Kikubaaqudgha
Makhleb
Nemelex Xobeh
Okawaru
Qazlal
Ru
Sif Muna
Trog
Uskayaw
Vehumet
Wu Jian
Xom
Yredelemnul
Zin
The Shining One

Shops:
D:6 *

Annotations:
D:3 2 transporters, grandjackal's ghost, amateur DsGl
D:4 3 runed translucent doors, handsome's ghost, amateur HaGl


Innate Abilities, Weirdness & Mutations

You have hooves in place of feet.
You sometimes gain a little power by taking damage.
You are partially covered in sharp spines.


Message History

You feel rather nauseous for a moment!
You are poisoned.
You feel sick.
The orc warrior hits you with a +1 vorpal hand axe!
* * * LOW HITPOINT WARNING * * *
You focus on the pain.
You feel agile all of a sudden.
* * * LOW HITPOINT WARNING * * *
The orc throws a boomerang.
The boomerang barely misses you.
The weapon returns to the orc!
An orc comes into view. It is wielding a +0 battleaxe.
Casting: Mephitic Cloud (dangerous; 11% risk of failure)
Confirm with . or Enter, or press ? or * to list all spells.
Aiming: Mephitic Cloud (dangerous; 11% risk of failure)
Press: ? - help, Shift-Dir - straight line, f/p - orc warrior
Aim: an orc warrior, wielding a +1 vorpal hand axe, wearing a +0 chain mail and quivering 20 stones You miscast Mephitic Cloud.
Nothing appears to happen.
The orc shouts!
The orc warrior hits you with a +1 vorpal hand axe!
You die...

.# #.# ..# #.# #.. #.# #.#
#.# #.# # # #.# #.# ###
#.#####o# #.# #..
#.#......o########.######.#
......(.lo@...............#
..#o.######........########
............########
..##.########


You could see an orc warrior, an orc wizard, 2 orcs and a leopard gecko.

Vanquished Creatures
  Prince Ribbit (D:6)
  Duvessa (D:6)
  An eye of draining (D:4)
  2 ice beasts (D:5)
  A phantom (D:4)
  An ogre (D:6)
  3 centaurs
  A big kobold (Sewer)
  Dowan (D:6)
  A scorpion (D:6)
  A wight (D:5)
  2 howler monkeys
  A centaur skeleton (D:4)
  3 orc priests
  2 hounds
  2 orc wizards
  Jessica (D:3)
  Ijyb (D:4)
  Terence (D:3)
  An iguana (D:5)
  A worker ant (D:6)
  A hound skeleton (D:4)
  Robin (D:3)
  A howler monkey skeleton (D:5)
  3 river rats (Sewer)
  11 adders
  2 shadow imps (D:6)
  A white imp (D:6)
  2 oozes (D:3)
  An adder zombie (D:5)
  An adder skeleton (D:4)
  4 worms
  2 dart slugs
  10 leopard geckos
  23 orcs
  10 bats
  6 giant cockroaches
  20 goblins
  6 hobgoblins
  5 jackals
  7 quokkas
  6 frilled lizards
  11 kobolds
  9 rats
172 creatures vanquished.

Vanquished Creatures (others)
  An orc wizard (D:7)
1 creature vanquished.

Grand Total: 173 creatures vanquished

Notes
Turn   | Place    | Note
-------+----------+-------------------------------------------
     0 | D:1      | grandjackal the Demonspawn Hedge Wizard began the quest for
                  | the Orb.
     0 | D:1      | Reached XP level 1. HP: 13/13 MP: 4/4
   470 | D:1      | Gained mutation: You sometimes gain a little power by
                  | taking damage. [demonic ancestry]
   470 | D:1      | Reached XP level 2. HP: 15/20 MP: 6/6
   580 | D:1      | Reached skill level 1 in Fighting
  1370 | D:2      | Gained mutation: You are partially covered in sharp spines.
                  | [demonic ancestry]
  1370 | D:2      | Reached XP level 3. HP: 24/26 MP: 1/7
  1436 | D:2      | Reached skill level 2 in Conjurations
  1441 | D:2      | Learned a level 3 spell: Conjure Flame
  1567 | D:2      | Gained mutation: You have large cloven feet. [demonic
                  | ancestry]
  1567 | D:2      | Reached XP level 4. HP: 26/33 MP: 3/9
  1893 | D:2      | Found a hazy altar of Hepliaklqana.
  1894 | D:2      | Found a shimmering altar of Xom.
  1895 | D:2      | Noticed a spectral ugly thing
  2270 | D:3      | Noticed Terence
  2298 | D:3      | Killed Terence
  2410 | D:3      | Learned a level 3 spell: Mephitic Cloud
  2413 | D:3      | Learned a level 2 spell: Blink
  2452 | D:3      | Found a transporter.
  2460 | D:3      | Gained mutation: You have hoof-like feet. [demonic
                  | ancestry]
  2460 | D:3      | Reached XP level 5. HP: 39/39 MP: 10/10
  2552 | D:3      | Noticed Jessica
  2554 | D:3      | Noticed Robin
  2573 | D:3      | Reached skill level 1 in Translocations
  2581 | D:2      | Reached skill level 3 in Conjurations
  2849 | D:3      | Killed Robin
  2871 | D:3      | Killed Jessica
  3090 | D:3      | Found a transporter.
  3094 | D:3      | Noticed grandjackal's ghost (amateur DsGl)
  3274 | D:4      | Noticed a phantom
  3329 | D:4      | Found a glowing drain.
  3342 | Sewer    | Entered a sewer
  3610 | Sewer    | Reached XP level 6. HP: 42/47 MP: 3/12
  3630 | Sewer    | Found a glowing silver altar of Zin.
  3734 | D:4      | Found a runed translucent gate.
  3734 | D:4      | Found a runed translucent gate.
  3737 | D:4      | Found a runed translucent gate.
  3737 | D:4      | Noticed handsome's ghost (amateur HaGl)
  4085 | D:4      | Found a radiant altar of Vehumet.
  4163 | D:4      | Reached skill level 4 in Conjurations
  4163 | D:4      | Reached XP level 7. HP: 43/53 MP: 1/14
  4246 | D:4      | Found a staircase to the Ecumenical Temple.
  4444 | D:4      | Noticed Ijyb
  4450 | D:4      | Killed Ijyb
  4773 | D:4      | Reached skill level 5 in Spellcasting
  4894 | Temple   | Entered the Ecumenical Temple
  5098 | Temple   | Became a worshipper of Qazlal Stormbringer
  5141 | D:5      | Entered Level 5 of the Dungeon
  5256 | D:5      | Found a white marble altar of Elyvilon.
  5311 | D:5      | Found a blossoming altar of Fedhas.
  5468 | D:5      | Reached skill level 1 in Air Magic
  5579 | D:5      | Gained mutation: You have hooves in place of feet. [demonic
                  | ancestry]
  5579 | D:5      | Reached XP level 8. HP: 39/61 MP: 14/16
  5898 | D:5      | Found a basalt altar of Yredelemnul.
  5939 | D:6      | Noticed Duvessa
  5961 | D:6      | Killed Duvessa
  5961 | D:6      | Reached skill level 5 in Conjurations
  5961 | D:6      | Reached skill level 1 in Invocations
  6055 | D:6      | Noticed Dowan
  6061 | D:6      | Killed Dowan
  6061 | D:6      | Reached skill level 5 in Fighting
  6087 | D:6      | Reached * piety under Qazlal
  6279 | D:6      | Noticed Prince Ribbit
  6287 | D:6      | Found Gozag's Platinum Reserve.
  6530 | D:6      | Killed Prince Ribbit
  6538 | D:6      | Found an opulent altar of Gozag.
  6805 | D:6      | Paralysed by a centaur for 5 turns
  7021 | D:6      | Found a broken altar of Ashenzari.
  7230 | D:6      | Found an iron altar of Okawaru.
  7320 | D:6      | Found a glowing golden altar of the Shining One.
  7352 | D:6      | Reached skill level 6 in Conjurations
  7666 | D:7      | Reached XP level 9. HP: 67/69 MP: 17/17
  7688 | D:7      | Slain by an orc warrior

Illustrated notes

Levels and vault maps discovered:
D:1:      minmay_arrival_stone_box, layout_basic, grunt_decor_resistance,
          st_stairs_2
D:2:      layout_loops_ring, regret_index_temple_of_mockery
D:3:      layout_rooms, gammafunk_ghost_stat_death, uniq_jessica, uniq_robin,
          uniq_terence
D:4:      layout_loops_ring, overflow_temple_1_default,
          minmay_temple_entry_arrows, ebering_ghost_rock_garden,
          gup_sewer_entry_pipe, minmay_small_thing, uniq_ijyb
D:5:      kennysheep_windowed_halls, layout_rooms, kennysheep_ying_yang,
          grunt_ministairs_4, minmay_misc_feat_secret_circle, fedhas_altar_2
D:6:      layout_cave_pools, kennysheep_mini_moat,
          nicolae_gozag_zags_fifth_avenue, grunt_temple_overflow_open,
          uniq_duvessa, uniq_prince_ribbit1
D:7:      layout_loops_ring, uniq_menkaure
Temple:   nicolae_temple_figure_eight

Skill      XL: |  1  2  3  4  5  6  7  8 |
---------------+-------------------------+-----
Fighting       | 1 2 3 4 5 |  5.9
Conjurations   | 2 3 4 6 |  6.0
Translocations | 1 2 3 |  3.0
Spellcasting   | 4 5 |  5.4
Air Magic      | 1 3 |  3.5
Invocations    | 4 |  4.2
Dodging        | |  1.7
Stealth        | |  1.7
Summonings     | |  1.0

Action                   |  1- 3 |  4- 6 |  7- 9 || total
-------------------------+-------+-------+-------++-------
Melee: Short sword       |    79 |   150 |   142 ||   371
       Dagger            |     4 |       |       ||     4
       Kick              |       |    31 |    41 ||    72
 Cast: Magic Dart        |    24 |    66 |    11 ||   101
       Mephitic Cloud    |       |     2 |     8 ||    10
       Blink             |       |     1 |       ||     1
  Use: Scroll            |       |       |    12 ||    12
 Stab: Sleeping          |     4 |     4 |     1 ||     9
       Distracted        |       |       |     1 ||     1
       Confused          |       |       |     2 ||     2
Armor: Robe              |    32 |    11 |    21 ||    64
Dodge: Dodged            |    61 |    69 |    52 ||   182
Block: Other             |       |       |     2 ||     2

Table legend: (Time is in decaauts)
 A = Elapsed time spent in this place.
 B = Non-inter-level travel time spent in this place.
 C = Inter-level travel time spent in this place.
 D = Time resting spent in this place.
 E = Time spent auto-exploring this place.
 F = Levels seen in this place.
 G = Mean time per level.
                   A        B        C        D        E       F      G
               +--------+--------+--------+--------+--------+-----+--------+
         Total |   7619 |   7372 |    247 |   2332 |   3668 |   9 |  846.6 |
       Dungeon |   7066 |   6832 |    234 |   2157 |   3425 |   7 | 1009.4 |
        Temple |    216 |    204 |     12 |      0 |    187 |   1 |  216.0 |
         Sewer |    336 |    336 |      0 |    175 |     56 |   1 |  336.0 |
               +--------+--------+--------+--------+--------+-----+--------+

Top non-repeatable levels by time:
     D:1: 1336 daAuts
     D:4: 1311 daAuts
     D:5: 1247 daAuts
     D:6: 1130 daAuts
     D:2: 956 daAuts
     D:3: 942 daAuts
   Sewer: 336 daAuts
  Temple: 216 daAuts
     D:7: 141 daAuts
